MLB
SAN DIEGO PADRES @ SAN FRANCISCO GIANTS
09/24/2018
 
TOP OF THE 1ST
San Diego Padres batting - Pitching for San Francisco Giants : RHP Anthony DeSclafani
Pitching: RHP Anthony DeSclafani
Batting: RHB Jose Altuve 0-0: Ball
1-0: Ball
2-0: Ball
3-0: Called Strike
3-1: Foul Ball, location: 2F
3-2: SINGLE (Line Drive, 78S)
Batting: SHB Carlos Santana 0-0: Ball
1-0: Foul Ball, location: 2F
1-1: Ball
2-1: Foul Ball, location: 2F
2-2: Foul Ball, location: 2F
2-2: Ball
3-2: Ground out 4-3 (Groundball, 34D)
Jose Altuve to second
Batting: RHB Mitch Haniger 0-0: Ball
1-0: Called Strike
1-1: Ball
2-1: Ball
3-1: Foul Ball, location: 2F
3-2: DOUBLE (Groundball, 5L)
Jose Altuve scores
Batting: LHB Mike Moustakas 0-0: Ball
1-0: Ball
2-0: Ball
3-0: Called Strike
3-1: Foul Ball, location: 2F
3-2: Foul Ball, location: 2F
3-2: Base on Balls
Batting: LHB David Peralta 0-0: Ball
1-0: Called Strike
1-1: Foul Ball, location: 2F
1-2: Ball
2-2: Fielders Choice at 2nd, 6-4 (Groundball, 6)
Mitch Haniger to third
Batting: RHB Yadier Molina 0-0: Ball
1-0: Fly out, F1 (Line Drive, P)
Top of the 1st over - 1 run, 2 hits, 0 errors, 2 left on base; San Diego 1 - San Francisco 0
BOTTOM OF THE 1ST
San Francisco Giants batting - Pitching for San Diego Padres : RHP Justin Verlander
Pitching: RHP Justin Verlander
Batting: RHB Dustin Pedroia 0-0: Ball
1-0: Fly out, F7 (Flyball, 78M)
Batting: LHB Corey Dickerson 0-0: Fly out, F8 (Flyball, 8RS)
Batting: LHB Anthony Rizzo 0-0: Fly out, F3 (Popup, 23F)
Bottom of the 1st over - 0 runs, 0 hits, 0 errors, 0 left on base; San Diego 1 - San Francisco 0
TOP OF THE 2ND
San Diego Padres batting - Pitching for San Francisco Giants : RHP Anthony DeSclafani
Batting: SHB Freddy Galvis 0-0: Foul Ball, location: 2F
0-1: Bunted foul
0-2: Ball
1-2: Strikes out swinging
Batting: RHB Lorenzo Cain 0-0: Swinging Strike
0-1: Ball
1-1: Called Strike
1-2: Strikes out looking
Batting: RHB Justin Verlander 0-0: Foul Ball, location: 2F
0-1: Foul Ball, location: 2F
0-2: Ball
1-2: Ball
2-2: SINGLE (Line Drive, 89S)
Batting: RHB Jose Altuve 0-0: Ball
1-0: Called Strike
1-1: SINGLE (Flyball, 8RS)
Justin Verlander to second
Batting: SHB Carlos Santana 0-0: Ball
1-0: Swinging Strike
1-1: Ball
Wild Pitch!
Justin Verlander to third
Jose Altuve to second
2-1: Foul Ball, location: 2F
2-2: Ball
3-2: Foul Ball, location: 2F
3-2: Strikes out swinging
Top of the 2nd over - 0 runs, 2 hits, 0 errors, 2 left on base; San Diego 1 - San Francisco 0
BOTTOM OF THE 2ND
San Francisco Giants batting - Pitching for San Diego Padres : RHP Justin Verlander
Batting: RHB Nelson Cruz 0-0: Ball
1-0: Foul Ball, location: 2F
1-1: Fly out, F9 (Flyball, 9S)
Batting: LHB Kyle Schwarber 0-0: Ball
1-0: Called Strike
1-1: Called Strike
1-2: Ball
2-2: Ball
3-2: Foul Ball, location: 2F
3-2: Fly out, F7 (Line Drive, 7)
Batting: LHB Kyle Seager 0-0: Ground out U3 (Groundball, 3L)
Bottom of the 2nd over - 0 runs, 0 hits, 0 errors, 0 left on base; San Diego 1 - San Francisco 0
TOP OF THE 3RD
San Diego Padres batting - Pitching for San Francisco Giants : RHP Anthony DeSclafani
Batting: RHB Mitch Haniger 0-0: Foul Ball, location: 2F
0-1: Ball
1-1: Swinging Strike
1-2: Ball
2-2: Strikes out swinging
Batting: LHB Mike Moustakas 0-0: Ball
1-0: Foul Ball, location: 2F
1-1: Ground out 5-3 (Groundball, 56)
Batting: LHB David Peralta 0-0: Fly out, F8 (Flyball, 78D)
Top of the 3rd over - 0 runs, 0 hits, 0 errors, 0 left on base; San Diego 1 - San Francisco 0
BOTTOM OF THE 3RD
San Francisco Giants batting - Pitching for San Diego Padres : RHP Justin Verlander
Batting: RHB Tim Anderson 0-0: Called Strike
0-1: Ground out 5-3 (Groundball, 56S)
Batting: LHB Tyler Naquin 0-0: Ground out U3 (Groundball, 3)
Batting: RHB Anthony DeSclafani 0-0: SINGLE (Groundball, 56D)
Batting: RHB Dustin Pedroia 0-0: Called Strike
0-1: Ball
1-1: Ball
2-1: SINGLE (Groundball, 6) (infield hit)
Anthony DeSclafani to second
Batting: LHB Corey Dickerson 0-0: Foul Ball, location: 2F
0-1: Called Strike
0-2: Foul Ball, location: 2F
0-2: Foul Ball, location: 2F
0-2: Ground out 4-3 (Groundball, 4)
Bottom of the 3rd over - 0 runs, 2 hits, 0 errors, 2 left on base; San Diego 1 - San Francisco 0
TOP OF THE 4TH
San Diego Padres batting - Pitching for San Francisco Giants : RHP Anthony DeSclafani
Batting: RHB Yadier Molina 0-0: Ball
1-0: SINGLE (Line Drive, 34D)
Batting: SHB Freddy Galvis 0-0: Ball
1-0: Fly out, F9 (Flyball, 89S)
Batting: RHB Lorenzo Cain 0-0: Ball
1-0: Foul Ball, location: 2F
1-1: Foul Ball, location: 2F
1-2: Strikes out swinging
Batting: RHB Justin Verlander 0-0: Called Strike
0-1: Foul Ball, location: 2F
0-2: Ball
1-2: Ball
2-2: Ball
3-2: Strikes out swinging
Top of the 4th over - 0 runs, 1 hit, 0 errors, 1 left on base; San Diego 1 - San Francisco 0
BOTTOM OF THE 4TH
San Francisco Giants batting - Pitching for San Diego Padres : RHP Justin Verlander
Batting: LHB Anthony Rizzo 0-0: Ball
1-0: Foul Ball, location: 2F
1-1: Foul Ball, location: 2F
1-2: Ball
2-2: Foul Ball, location: 2F
2-2: Foul Ball, location: 2F
2-2: Ball
3-2: SOLO HOME RUN (Flyball, 9D), Distance : 378 ft
Batting: RHB Nelson Cruz 0-0: Called Strike
0-1: Ball
1-1: Ball
2-1: Foul Ball, location: 2F
2-2: Strikes out swinging
Batting: LHB Kyle Schwarber 0-0: Ball
1-0: Called Strike
1-1: DOUBLE (Line Drive, 8RXD) - OUT at third base trying to stretch hit.
Batting: LHB Kyle Seager 0-0: Ball
1-0: SOLO HOME RUN (Flyball, 7LD), Distance : 358 ft
Batting: RHB Tim Anderson 0-0: Fly out, F8 (Flyball, 89M)
Bottom of the 4th over - 2 runs, 3 hits, 0 errors, 0 left on base; San Diego 1 - San Francisco 2
TOP OF THE 5TH
San Diego Padres batting - Pitching for San Francisco Giants : RHP Anthony DeSclafani
Batting: RHB Jose Altuve 0-0: Called Strike
0-1: Fly out, F7 (Flyball, 7D)
Batting: SHB Carlos Santana 0-0: Ball
1-0: Called Strike
1-1: Ball
2-1: Ground out U3 (Groundball, 3S)
Batting: RHB Mitch Haniger 0-0: Called Strike
0-1: Called Strike
0-2: Ball
1-2: Foul Ball, location: 2F
1-2: Strikes out swinging
Top of the 5th over - 0 runs, 0 hits, 0 errors, 0 left on base; San Diego 1 - San Francisco 2
BOTTOM OF THE 5TH
San Francisco Giants batting - Pitching for San Diego Padres : RHP Justin Verlander
Batting: LHB Tyler Naquin 0-0: Called Strike
0-1: SINGLE (Groundball, 6MS) (infield hit)
Pinch Hitting: LHB Jon Jay 0-0: Called Strike
0-1: Foul Ball, location: 2F
0-2: Ball
1-2: Foul Ball, location: 2F
1-2: Strikes out swinging
Batting: RHB Dustin Pedroia 0-0: Ball
1-0: Ball
2-0: Swinging Strike
2-1: Foul Ball, location: 2F
2-2: Ball
Tyler Naquin steals 2nd base
3-2: Strikes out swinging
Batting: LHB Corey Dickerson 0-0: Ground out 4-3 (Groundball, 34D)
Bottom of the 5th over - 0 runs, 1 hit, 0 errors, 1 left on base; San Diego 1 - San Francisco 2
TOP OF THE 6TH
San Diego Padres batting - Pitching for San Francisco Giants : RHP Anthony DeSclafani
Pitching: RHP Chris Hatcher
Batting: LHB Mike Moustakas 0-0: Ground out 1-3 (Groundball, 34S)
Batting: LHB David Peralta 0-0: Ground out U3 (Groundball, 3S)
Batting: RHB Yadier Molina 0-0: Ball
1-0: SINGLE (Line Drive, 3L)
Batting: SHB Freddy Galvis 0-0: Foul Ball, location: 2F
0-1: Fly out, F5 (Popup, 6S)
Top of the 6th over - 0 runs, 1 hit, 0 errors, 1 left on base; San Diego 1 - San Francisco 2
BOTTOM OF THE 6TH
San Francisco Giants batting - Pitching for San Diego Padres : RHP Justin Verlander
Batting: LHB Anthony Rizzo 0-0: Foul Ball, location: 2F
0-1: Called Strike
0-2: Ball
1-2: Strikes out looking
Batting: RHB Nelson Cruz 0-0: Ball
1-0: Ball
2-0: Called Strike
2-1: Foul Ball, location: 2F
2-2: Foul Ball, location: 2F
2-2: SINGLE (Groundball, 56D)
Batting: LHB Kyle Schwarber 0-0: Ball
1-0: Fielders Choice at 2nd, 3-5 (Groundball, 3)
Batting: LHB Kyle Seager 0-0: Called Strike
0-1: Ground out 2-3 (Groundball, 2L)
Bottom of the 6th over - 0 runs, 1 hit, 0 errors, 1 left on base; San Diego 1 - San Francisco 2
TOP OF THE 7TH
San Diego Padres batting - Pitching for San Francisco Giants : RHP Chris Hatcher
Pitching: RHP Ryan Tepera
Now at C: Luke Maile
Batting: RHB Lorenzo Cain 0-0: Ball
1-0: Ball
2-0: Called Strike
2-1: Ball
3-1: Base on Balls
Batting: RHB Justin Verlander 0-0: Ball
1-0: Sac Bunt to 3S - play at first, batter OUT! U3
Lorenzo Cain to second
Batting: RHB Jose Altuve 0-0: Called Strike
0-1: Swinging Strike
0-2: Ball
1-2: Strikes out swinging
Batting: SHB Carlos Santana 0-0: Called Strike
0-1: Ball
1-1: Ball
2-1: Ball
3-1: Base on Balls
Batting: RHB Mitch Haniger 0-0: Ball
1-0: DOUBLE (Line Drive, 78XD)
Lorenzo Cain scores
Carlos Santana to third
Runner from 3rd tries for Home, SAFE, throw by CF to home
Batting: LHB Mike Moustakas 0-0: Fly out, F4 (Popup, 34D)
Top of the 7th over - 2 runs, 1 hit, 0 errors, 1 left on base; San Diego 3 - San Francisco 2
BOTTOM OF THE 7TH
San Francisco Giants batting - Pitching for San Diego Padres : RHP Justin Verlander
Batting: RHB Tim Anderson 0-0: Foul Ball, location: 2F
0-1: Ground out 1-3 (Groundball, 15S)
Batting: LHB Tyler Naquin 0-0: Called Strike
0-1: Called Strike
0-2: Ball
1-2: Strikes out swinging
Batting: RHB Luke Maile 0-0: Ball
1-0: Ball
2-0: Ball
3-0: Called Strike
3-1: Swinging Strike
3-2: Foul Ball, location: 2F
3-2: Ground out 6-3 (Groundball, 6)
Bottom of the 7th over - 0 runs, 0 hits, 0 errors, 0 left on base; San Diego 3 - San Francisco 2
TOP OF THE 8TH
San Diego Padres batting - Pitching for San Francisco Giants : RHP Ryan Tepera
Batting: LHB David Peralta 0-0: Ball
1-0: Called Strike
1-1: Ground out 5-3 (Groundball, 5)
Batting: RHB Yadier Molina 0-0: Called Strike
0-1: Swinging Strike
0-2: DOUBLE (Line Drive, 7LM)
Pitching: RHP Chris Devenski
Batting: SHB Freddy Galvis 0-0: Ball
1-0: Ground out 4-3 (Groundball, 4)
Yadier Molina to third
Batting: RHB Lorenzo Cain 0-0: Called Strike
0-1: Foul Ball, location: 2F
0-2: Strikes out swinging
Top of the 8th over - 0 runs, 1 hit, 0 errors, 1 left on base; San Diego 3 - San Francisco 2
BOTTOM OF THE 8TH
San Francisco Giants batting - Pitching for San Diego Padres : RHP Justin Verlander
Batting: RHB Dustin Pedroia 0-0: Ball
1-0: Ground out 6-3 (Groundball, 6)
Batting: LHB Corey Dickerson 0-0: Ball
1-0: Called Strike
1-1: Ball
2-1: Foul Ball, location: 2F
2-2: Fly out, F6 (Popup, 4MD)
Batting: LHB Anthony Rizzo 0-0: Called Strike
0-1: Swinging Strike
0-2: Ball
1-2: Ball
2-2: Ball
3-2: Fly out, F8 (Line Drive, 8RD)
Bottom of the 8th over - 0 runs, 0 hits, 0 errors, 0 left on base; San Diego 3 - San Francisco 2
TOP OF THE 9TH
San Diego Padres batting - Pitching for San Francisco Giants : RHP Chris Devenski
Pinch Hitting: RHB Jose Pirela 0-0: Swinging Strike
0-1: Foul Ball, location: 2F
0-2: Strikes out looking
Batting: RHB Jose Altuve 0-0: Ball
1-0: Ball
2-0: Called Strike
2-1: Fly out, F7 (Line Drive, 7)
Batting: SHB Carlos Santana 0-0: Called Strike
0-1: Ball
1-1: Fly out, F3 (Popup, 3SF)
Top of the 9th over - 0 runs, 0 hits, 0 errors, 0 left on base; San Diego 3 - San Francisco 2
BOTTOM OF THE 9TH
San Francisco Giants batting - Pitching for San Diego Padres : RHP Justin Verlander
Pitching: LHP Scott Alexander
Batting: RHB Nelson Cruz 0-0: Foul Ball, location: 2F
0-1: Foul Ball, location: 2F
0-2: Ball
1-2: Strikes out swinging
Pinch Hitting: RHB Alcides Escobar 0-0: Fly out, F7 (Flyball, 7S)
Batting: LHB Kyle Seager 0-0: Ball
1-0: Called Strike
1-1: Ball
2-1: Foul Ball, location: 2F
2-2: Strikes out swinging
Bottom of the 9th over - 0 runs, 0 hits, 0 errors, 0 left on base; San Diego 3 - San Francisco 2
Wednesday, December 5th, 2018 - OOTP Baseball 19.10 Build 122